 Dungeon Crawl Stone Soup version 0.20.2-3-g29329e0561 (webtiles) character file.

59 Alfie the Shield-Bearer (level 4, -3/40 HPs)
             Began as a Hill Orc Fighter on Sept 26, 2023.
             Slain by Alfie's ghost (8 damage)
             ... on level 3 of the Dungeon.
             The game lasted 00:04:12 (1246 turns).

Alfie the Shield-Bearer (Hill Orc Fighter)          Turns: 1246, Time: 00:04:13

Health: -3/40      AC:  7    Str: 24    XL:     4   Next: 3%
Magic:  4/4        EV:  7    Int:  8    God:
Gold:   118        SH: 10    Dex: 10    Spells: 3/3 levels left

rFire    . . .     SeeInvis .   a - +0 rapier
rCold    . . .     Gourm    .   c - +0 shield
rNeg     . . .     Faith    .   b - +0 scale mail
rPois    .         Spirit   .   (no helmet)
rElec    .         Reflect  .   (no cloak)
rCorr    .         Harm     .   (no gloves)
MR       .....                  (no boots)
Stlth    ..........             (no amulet)
Regen    0.2/turn               (no ring)
MPRegen  0.1/turn               (no ring)

@: mighty
A: no striking features
a: no special abilities


You were on level 3 of the Dungeon.
You were not hungry.

You visited 1 branch of the dungeon, and saw 3 of its levels.

You collected 118 gold pieces.

Inventory:

Hand Weapons
 a - a +0 rapier (weapon)
Missiles
 l - 6 tomahawks (quivered)
Armour
 b - a +0 scale mail (worn)
 c - a +0 shield (worn)
Jewellery
 q - an uncursed ring of poison resistance {unknown}
Scrolls
 e - a scroll of enchant weapon {unknown}
 h - 4 scrolls of remove curse {unknown}
 i - 3 scrolls of identify {unknown}
 k - a scroll of amnesia {unknown}
 m - a scroll of noise {unknown}
 n - a scroll of enchant armour {unknown}
 o - a scroll of teleportation {unknown}
Potions
 j - 4 potions of curing {unknown}
 p - a potion of flight {unknown}
Comestibles
 f - 2 bread rations
 g - 3 meat rations


   Skills:
 + Level 3.7 Fighting
 + Level 2.6 Short Blades
 + Level 0.3 Throwing
 + Level 4.0 Armour
 + Level 4.1 Shields


You had 3 spell levels left.
You didn't know any spells.

Dungeon Overview and Level Annotations

Branches:
Dungeon (3/15)

Altars:
Qazlal
Zin

Annotations:
D:3 Alfie's ghost, amateur HOFi


Message History

Alfie's ghost is heavily damaged.
Alfie's ghost barely misses you.
Your shield and scale mail prevent you from hitting Alfie's ghost.
Alfie's ghost is heavily damaged.
You block Alfie's ghost's attack. Alfie's ghost hits you!
You closely miss Alfie's ghost.
Alfie's ghost is heavily damaged.
Alfie's ghost hits you!
* * * LOW HITPOINT WARNING * * *
Your shield and scale mail prevent you from hitting Alfie's ghost.
Alfie's ghost is heavily damaged.
You block Alfie's ghost's attack.
You hit Alfie's ghost.
Alfie's ghost is severely damaged.
Alfie's ghost hits you.
* * * LOW HITPOINT WARNING * * *
You closely miss Alfie's ghost.
Alfie's ghost is severely damaged.
Alfie's ghost hits you!
You die...

#####+#
#....
........ ...
#....# #'#
##....####.#
#.......†..#
#......###w#
#......#..l#
#........#W#
#.....#..#@#
#.#####..#.#
#. ##.#.# #
#...# #...#
#...# #...#
#.#<# #.#>#


You could see a worm, Alfie's ghost and a frilled lizard.

Vanquished Creatures
  2 adders (D:2)
  A dart slug (D:1)
  An orc (D:3)
  4 giant cockroaches
  6 goblins
  6 hobgoblins
  2 quokkas (D:2)
  2 ball pythons (D:1)
  4 bats
  3 frilled lizards
  2 kobolds (D:2)
  4 rats
37 creatures vanquished.

Notes
Turn   | Place    | Note
-------+----------+-------------------------------------------
     0 | D:1      | Alfie the Hill Orc Fighter began the quest for the Orb.
     0 | D:1      | Reached XP level 1. HP: 19/19 MP: 1/1
   180 | D:1      | Reached XP level 2. HP: 26/26 MP: 2/2
   599 | D:2      | Found a stormy altar of Qazlal.
   616 | D:2      | Found a glowing silver altar of Zin.
   724 | D:2      | Reached XP level 3. HP: 31/33 MP: 3/3
  1213 | D:3      | Reached XP level 4. HP: 40/40 MP: 4/4
  1227 | D:3      | Noticed Alfie's ghost (amateur HOFi)
  1246 | D:3      | Slain by Alfie's ghost

Skill      XL: |  1  2  3 |
---------------+----------+-----
Shields        | 4 |  4.1
Armour         | 4 |  4.0
Fighting       | |  3.7
Short Blades   | |  2.6
Throwing       | |  0.3

Action                   |  1- 3 |  4- 6 || total
-------------------------+-------+-------++-------
Melee: Rapier            |   120 |    14 ||   134
Throw: Tomahawk          |    16 |       ||    16
  Use: Potion            |       |     1 ||     1
  Eat: Royal jelly       |     1 |       ||     1
Armor: Scale mail        |    63 |     2 ||    65
Dodge: Dodged            |    29 |     2 ||    31
Block: Shield            |    56 |     5 ||    61
